Map: Prion Terraces

Players

ShoWTimE - Winner!

  • Race: Protoss Protoss

AcerBly (Bly)

  • Race: Zerg Zerg

Event: DreamHack ROCCAT LotV Championship

VOD

Have the link to the VOD?

Description

Time

  • Played on: Nov. 27, 2015, 10:11 a.m.
  • Length: 5:26

All games in this series

Show
View Real Time Build Order
Export as new Build Order

ShoWTimE Protoss - Winner!

Build Orders:  

Get SALT Encoding   

  12  0:00  Probe (Chrono Boost)  
  13  0:11  Probe (Chrono Boost)  
  14  0:17  Pylon  
  14  0:22  Probe (Chrono Boost)  
  15  0:36  Probe (Chrono Boost)  
  15  0:37  Gateway  
  16  0:46  Probe (Chrono Boost), Assimilator  
  18  0:57  Probe (Chrono Boost), Assimilator  
  18  1:04  Gateway  
  18  1:08  Probe (Chrono Boost)  
  20  1:18  Probe (Chrono Boost)  
  20  1:23  Cybernetics Core  
  20  1:29  Probe (Chrono Boost)  
  21  1:36  Pylon  
  21  2:01  Adept  
  21  2:02  Adept, Warp Gate (Chrono Boost)  
  25  2:09  Gateway  
  25  2:14  Gateway  
  25  2:20  Gateway  
  25  2:30  Adept  
  25  2:31  Adept  
  29  2:43  Pylon  
  29  2:46  Pylon  
  29  2:51  Pylon  
  29  3:05  Adept x2  
  33  3:13  Adept  
  33  3:17  Zealot  
  37  3:22  Adept  
  39  3:38  Pylon  
  39  3:54  Stalker x3  
  45  4:06  Stalker  
  43  4:12  Stalker  
  44  4:28  Adept  
  44  4:30  Zealot x2  
  50  4:33  Sentry  
  52  4:41  Zealot  
  54  4:56  Pylon  
  50  5:00  Stalker  
  50  5:01  Stalker  
  54  5:15  Stalker  
  56  5:22  Zealot  
  56  5:23  Zealot  
Show
View Real Time Build Order
Export as new Build Order

AcerBly Zerg 

Build Orders: Hatch First 

Get SALT Encoding   

  12  0:00  Drone  
  13  0:12  Overlord  
  13  0:17  Drone  
  14  0:30  Drone x2  
  16  0:51  Hatchery  
  15  1:02  Spawning Pool  
  14  1:06  Drone  
  15  1:12  Drone  
  15  1:15  Drone  
  17  1:36  Hatchery  
  16  1:49  Zergling x6  
  19  1:57  Queen  
  19  1:59  Extractor  
  20  2:05  Zergling x2  
  21  2:10  Queen  
  23  2:16  Drone x2  
  23  2:21  Zergling x2  
  26  2:24  Zergling x2  
  27  2:39  Roach Warren  
  27  2:42  Zergling x2  
  27  2:44  Overlord x2  
  28  2:47  Spine Crawler  
  22  3:20  Drone  
  22  3:21  Drone x2  
  22  3:23  Roach x3  
  22  3:24  Roach  
  33  3:34  Roach  
  35  3:41  Roach  
  35  3:46  Drone  
  35  3:47  Drone  
  37  3:50  Roach  
  39  4:07  Zergling x8  
  39  4:08  Zergling x6  
  40  4:12  Roach  
  42  4:22  Roach  
  37  4:37  Roach x3  
  42  4:44  Roach  
  35  4:51  Zergling x6  
  28  5:01  Spine Crawler  
  28  5:02  Spine Crawler  
  27  5:09  Spine Crawler  

Tags
 
Add a new tag
Caveats
  • Supply blocks, unpowered buildings, or Contaminate may cause inaccurate times.
  • Supply counts are checked every 10 seconds.